 Dungeon Crawl Stone Soup version 0.32-a0-643-ga006e7742e (webtiles) character file.

Game seed: 3915838079839520530

20400 ezpacito the Fighter (level 12, -23/94 HPs)
             Began as a Coglin Chaos Knight on Mar 7, 2024.
             Was a Plaything of Xom.
             Annihilated by a skeletal warrior
             ... wielding a +0 scimitar
              (26 damage)
             ... on level 15 of the Dungeon.
             The game lasted 00:16:38 (12366 turns).

ezpacito the Fighter (Coglin Chaos Knight)         Turns: 12366, Time: 00:16:39

Health: -23/94     AC: 16    Str: 18    XL:     12   Next: 79%
Magic:  18/18      EV: 15    Int: 11    God:    Xom [....*.]
Gold:   582        SH:  0    Dex: 14    Spells: 1/20 levels left

rFire   . . .        a - +0 hand axe (chaos) {Dunstan}
rCold   . . .        s - +2 trident (drain) {Xochipepe}
rNeg    . . .        y - +2 acid dragon scales
rPois   .            (no helmet)
rElec   .            t - +0 cloak
rCorr   +            c - +0 pair of gloves
SInv    +            m - +2 pair of boots
Will    .....        (amulet unavailable)
Stlth   +++          (ring unavailable)
HPRegen 0.35/turn    (ring unavailable)
MPRegen 0.16/turn    (no gizmo)

%: no passive effects
@: cleaving, revving
A: off-hand wielding, slow wielding, warmup strikes, no jewellery, see
invisible, sturdy frame 1, persistent drain
a: Invent Gizmo, Renounce Religion


You were on level 15 of the Dungeon.
You worshipped Xom.
You were a beloved toy of Xom.
You visited 2 branches of the dungeon, and saw 14 of its levels.
You also visited: Sewer.

You collected 720 gold pieces.
You spent 138 gold pieces at shops.

Inventory:

Hand Weapons
 a - a +0 hand axe of chaos (weapon) {Dunstan}
 s - a +2 trident of draining (offhand) {Xochipepe}
Missiles
 r - 8 poisoned darts (quivered)
 E - 12 curare-tipped darts
Armour
 c - a +0 pair of gloves (worn)
 d - a +0 plate armour
 m - a +2 pair of boots (worn)
 t - a +0 cloak (worn)
 y - +2 acid dragon scales (worn)
 D - a +2 troll leather armour {Snorg}
Magical Staves
 k - a staff of death
Wands
 l - a wand of warping (4)
 x - a wand of polymorph (19)
 A - a wand of flame (28)
Scrolls
 e - 2 scrolls of immolation
 g - 2 scrolls of fear
 p - 2 scrolls of fog
 C - a scroll of noise
Potions
 b - a potion of enlightenment
 f - 2 potions of brilliance
 n - a potion of lignification
 u - a potion of attraction
 v - a potion of magic
Miscellaneous
 h - a phantom mirror (inert)


   Skills:
 * Level 8.8 Fighting
 * Level 8.7(9.5) Axes
 + Level 5.1(7.3) Polearms
 * Level 7.7 Armour
 * Level 7.4 Dodging
 + Level 5.3 Stealth
 + Level 4.5 Spellcasting
 + Level 3.8 Necromancy
 + Level 3.7 Translocations
 + Level 5.3 Alchemy
 + Level 4.3 Evocations


You had one spell level left.
You knew the following spells:

 Your Spells              Type           Power      Damage    Failure   Level
a - Alistair's Intoxicat  Alch           9%         N/A       58%         5
b - Fugue of the Fallen   Necr           10%        N/A       16%         3
c - Ensorcelled Hibernat  Hex/Ice        4%         N/A       36%         2
d - Dimensional Bullseye  Hex/Tloc       3%         N/A       73%         4
e - Ignite Poison         Fire/Alch      8%         N/A       63%         4
g - Apportation           Tloc           20%        N/A       5%          1

Your spell library contained the following spells:

 Spells                   Type           Power      Damage    Failure   Level
 Jinxbite                 Hex            4%         N/A       36%         2
 Scorch                   Fire           4%         2d5       36%         2
 Manifold Assault         Tloc           10%        N/A       45%         4
 Call Canine Familiar     Summ           2%         N/A       58%         3
 Ozocubu's Armour         Ice            2%         N/A       58%         3
 Sigil of Binding         Hex            2%         N/A       58%         3
 Sticky Flame             Fire/Alch      8%         2d4       63%         4
 Anguish                  Hex/Necr       3%         N/A       73%         4
 Flame Wave               Conj/Fire      2%         2d4       94%         4
 Summon Cactus Giant      Summ           1%         N/A       100%        6
 Ignition                 Fire           1%         3d3       100%        8


Dungeon Overview and Level Annotations

Branches:
Dungeon (12/15)            Temple (1/1) D:6            Lair (0/5) D:9
    Orc (0/2) D:9           Sewer (visited)

Altars:
Ashenzari
Cheibriados
Dithmenos
Elyvilon
Fedhas
Gozag
Hepliaklqana
Kikubaaqudgha
Makhleb
Nemelex Xobeh
Okawaru
Qazlal
Ru
Sif Muna
Trog
Uskayaw
Vehumet
Wu Jian
Xom
Yredelemnul
Zin
The Shining One

Shops:
D:1 (   D:4 (   D:8 [

Annotations:
D:1 1 transporter
D:12 Jorgrun


Innate Abilities, Weirdness & Mutations

You can wield a second weapon in your off-hand.
It takes a long time for you to wield or remove held weapons.
Your first few attacks do less damage.
You cannot equip rings or amulets.
You have supernaturally acute eyesight. (SInv)
Your movements are slightly less encumbered by armour. (ER -2)
Your health recovers twice as slowly from being drained.


Message History

The skeletal warrior seems to grow stronger.
The skeletal warrior hits you but does no damage.
The skeletal warrior hits you with a +0 flail!
Your quokka bites the skeletal warrior but does no damage.
You take 13 damage, and have 69/94 hp.
The skeletal warrior attacks as it pursues you!
The skeletal warrior misses you.
Your quokka completely misses the skeletal warrior.
The skeletal warrior misses your quokka.
Your quokka bites the skeletal warrior but does no damage.
You hit the skeletal warrior but do no damage.
The skeletal warrior is heavily damaged.
You closely miss the skeletal warrior with your +2 trident of draining.
The skeletal warrior hits your quokka with a +0 halberd.
Your quokka dies!
Your quokka's corpse disappears in a puff of smoke!
The skeletal warrior hits you with a +0 flail!!
You take 34 damage, and have 36/94 hp.
MASSIVE DAMAGE!!
Okay, then.
Okay, then.
It was a potion of mutation.
You feel extremely strange.
You feel clumsy.
Your vision sharpens.
You begin to recover more slowly from draining effects.
You feel less encumbered by your armour.
It was a potion of cancellation.
You feel magically purged.
The skeletal warrior hits you from afar with a +0 halberd.
The skeletal warrior hits you with a +0 scimitar!!
* * * LOW HITPOINT WARNING * * *
The skeletal warrior hits you with a +0 flail.
* * * LOW HITPOINT WARNING * * *
You take 24 damage, and have 12/94 hp.
MASSIVE DAMAGE!!
Okay, then.
Okay, then.
The skeletal warrior attacks as it pursues you!
The skeletal warrior hits you with a +0 scimitar!
* * * LOW HITPOINT WARNING * * *
You take 10 damage, and have 3/94 hp.
The skeletal warrior hits you with a +0 scimitar!!
You die...
Xom is highly amused!

##.ยง####..........#
#..## ##.........#
..h ###......##.##
...#............##
...##...........###
..................##
..........#....zz..#
...............z..##
.............@.#
......!.......##
.......#.....
......#..#...
..#.##..###.. # ...
##. .... #. .... ..


You could see 3 skeletal warriors.

Vanquished Creatures
  A hydra (D:15)
  Sonja (D:10)
  An ugly thing (D:11)
  A manticore (D:11)
  An elephant (D:9)
  Jeremiah (D:6)
  A gargoyle (D:11)
  2 trolls (D:11)
  2 hornets (D:9)
  3 shadows
  4 water elementals (D:10)
  A wyvern (D:9)
  21 yaks
  A vampire (D:11)
  A hog (D:15)
  A basilisk (D:9)
  A steam dragon (D:10)
  2 acid dragons
  5 orc warriors (D:9)
  2 water moccasins
  3 sky beasts
  2 black bears
  An ogre (D:7)
  2 centaurs
  3 phantoms
  A kobold brigand (D:7)
  4 bullfrogs
  2 gnoll sergeants (D:8)
  3 scorpions
  19 killer bees
  2 howler monkeys (D:9)
  2 bombardier beetles
  2 jellies
  2 orc priests (D:9)
  A gnoll bouda (D:7)
  3 iguanas
  3 hounds
  Jessica (D:2)
  9 orc wizards
  12 adders
  23 gnolls
  A white imp (D:6)
  6 ufetubi
  2 ribbon worms (D:3)
  15 dart slugs
  31 orcs
  22 endoplasms
  8 giant cockroaches
  6 hobgoblins
  11 jackals
  6 kobolds
  8 quokkas
  15 ball pythons
  3 bats
  10 frilled lizards
  5 goblins
  7 rats
309 creatures vanquished.

Vanquished Creatures (collateral kills)
  Snorg (D:10)
  Sigmund (D:2)
  A shadow (D:9)
  A vampire (D:11)
  3 yaks
  A steam dragon (D:9)
  A black bear (D:9)
  2 killer bees (D:9)
  A ball python (D:2)
12 creatures vanquished.

Vanquished Creatures (others)
  A yak (D:9)
1 creature vanquished.

Grand Total: 322 creatures vanquished

Notes
Turn   | Place    | Note
-------+----------+-------------------------------------------
     0 | D:1      | ezpacito the Coglin Chaos Knight began the quest for the
                  | Orb.
     0 | D:1      | Reached XP level 1. HP: 18/18 MP: 1/1
    53 | D:1      | Reached skill level 1 in Dodging
    61 | D:1      | Reached XP level 2. HP: 24/24 MP: 2/2
   207 | D:1      | Found Lidwuam's Weapon Shop.
   255 | D:1      | Reached XP level 3. HP: 29/29 MP: 3/3
   268 | D:1      | Found a faded altar of an unknown god.
   280 | D:1      | XOM: silly message
   290 | D:1      | Found a faded altar of an unknown god.
   346 | D:1      | XOM: silly message
   429 | D:1      | XOM: silly message
   627 | D:2      | XOM: potion effect (invisibility)
   693 | D:2      | Noticed Jessica
   696 | D:2      | Killed Jessica
   697 | D:2      | Reached XP level 4. HP: 26/35 MP: 3/5
   768 | D:2      | Noticed Sigmund
   781 | D:2      | XOM: cast spell 'Summon Mana Viper'
   784 | D:2      | Killed Sigmund
   785 | D:2      | Reached skill level 1 in Polearms
   785 | D:2      | Reached skill level 1 in Stealth
   785 | D:2      | Reached skill level 1 in Spellcasting
   785 | D:2      | Reached XP level 5. HP: 36/42 MP: 6/6
   785 | D:2      | Reached XP level 6. HP: 42/48 MP: 7/7
  1344 | D:2      | XOM: silly message
  1755 | D:3      | XOM: noise
  2198 | D:3      | Found a burning altar of Makhleb.
  2200 | D:3      | Noticed a green death
  2204 | D:3      | Noticed a hellwing
  2204 | D:3      | Noticed a neqoxec
  2386 | D:4      | Noticed an acid dragon
  2386 | D:4      | XOM: divination: detect creatures
  2393 | D:4      | XOM: potion effect (berserk rage)
  2398 | D:4      | XOM: divination: magic mapping
  2400 | D:4      | Killed an acid dragon
  2401 | D:4      | Reached XP level 7. HP: 30/55 MP: 7/9
  2702 | D:4      | Found Zaokafu's Weapon Boutique.
  2936 | D:5      | Entered Level 5 of the Dungeon
  2944 | D:5      | XOM: potion effect (attraction)
  3185 | D:5      | Reached XP level 8. HP: 32/61 MP: 10/10
  3366 | D:5      | XOM: confuse monster(s)
  3373 | D:5      | Reached skill level 5 in Fighting
  3411 | D:5      | Found a glowing drain.
  3418 | Sewer    | Entered a sewer
  3712 | Sewer    | Reached skill level 5 in Axes
  3776 | Sewer    | Learned a level 5 spell: Alistair's Intoxication
  3780 | Sewer    | Learned a level 3 spell: Fugue of the Fallen
  3783 | Sewer    | Learned a level 2 spell: Ensorcelled Hibernation
  3785 | Sewer    | Learned a level 1 spell: Apportation
  4033 | D:5      | XOM: scenery: create altars
  4045 | D:5      | XOM: god gift: morningstar {god gift}
  4081 | D:6      | XOM: potion effect (brilliance)
  4093 | D:6      | XOM: enchant monster (bad)
  4135 | D:6      | XOM: give mutation
  4135 | D:6      | Gained mutation: You are agile. (Dex +4, Str/Int -1) [Xom's
                  | mischief]
  4197 | D:6      | Found an ornate altar of the Wu Jian Council.
  4219 | D:6      | Found a staircase to the Ecumenical Temple.
  4241 | Temple   | Entered the Ecumenical Temple
  4435 | D:6      | Reached skill level 1 in Alchemy
  4784 | D:6      | XOM: summons 3 hostile demons
  4891 | D:6      | Noticed Jeremiah
  4904 | D:6      | Reached XP level 9. HP: 61/69 MP: 12/12
  4918 | D:6      | Killed Jeremiah
  4973 | D:6      | XOM: noise
  5085 | D:6      | XOM: divination: detect creatures
  5448 | D:7      | XOM: butterfly on damage
  5535 | D:7      | XOM: cloud trail
  5575 | D:7      | Reached skill level 5 in Armour
  5661 | D:7      | Found a sparkling altar of Nemelex Xobeh.
  5829 | D:7      | XOM: silly message
  6297 | D:8      | XOM: cast spell 'Olgreb's Toxic Radiance'
  6303 | D:8      | Reached skill level 5 in Dodging
  6312 | D:8      | Reached XP level 10. HP: 50/77 MP: 14/14
  6388 | D:8      | XOM: silly message
  6545 | D:8      | Learned a level 4 spell: Dimensional Bullseye
  6554 | D:8      | Found Paocezash's Armour Shoppe.
  6567 | D:8      | XOM: potion effect (attraction)
  6577 | D:8      | Bought a +0 pair of gloves for 45 gold pieces
  6732 | D:8      | Found a shimmering blue altar of Sif Muna.
  6851 | D:8      | Found a shadowy altar of Dithmenos.
  6862 | D:8      | XOM: silly message
  6865 | D:8      | XOM: silly message
  7077 | D:8      | XOM: silly message
  7186 | D:8      | XOM: silly message
  7341 | D:8      | XOM: silly message
  7715 | D:1      | Bought 6 curare-tipped darts for 93 gold pieces
  7892 | D:9      | Found a hide-covered altar of Uskayaw.
  7896 | D:9      | Reached skill level 1 in Necromancy
  8005 | D:9      | XOM: divination: detect items
  8013 | D:9      | Found a staircase to the Lair.
  8013 | D:9      | Noticed an elephant
  8017 | D:9      | XOM: enchant monster (good)
  8020 | D:9      | Reached skill level 1 in Translocations
  8023 | D:9      | XOM: cast spell 'Summon Hydra'
  8038 | D:9      | Killed an elephant
  8087 | D:9      | XOM: noise
  8137 | D:9      | XOM: summons friendly crimson imp
  8139 | D:9      | Paralysed by a hornet for 3 turns
  8140 | D:9      | XOM: potion effect (experience)
  8140 | D:9      | Reached XP level 11. HP: 71/86 MP: 15/17
  8144 | D:9      | Paralysed by a hornet for 3 turns
  8241 | D:9      | XOM: god gift: lajatang {god gift}
  8370 | D:9      | Reached XP level 12. HP: 51/92 MP: 18/18
  8588 | D:9      | XOM: summons friendly quasit
  8602 | D:9      | XOM: divination: magic mapping
  8801 | D:9      | XOM: cloud trail
  8809 | D:9      | Found a glowing silver altar of Zin.
  8944 | D:9      | Found an opulent altar of Gozag.
  9006 | D:9      | XOM: scenery: summon butterflies
  9011 | D:9      | XOM: divination: magic mapping
  9169 | D:9      | Found a staircase to the Orcish Mines.
  9277 | D:10     | Entered Level 10 of the Dungeon
  9294 | D:10     | XOM: smoke on damage
  9299 | D:10     | XOM: enchant monster (bad)
  9384 | D:9      | Reached skill level 5 in Stealth
  9463 | D:9      | XOM: divination: detect creatures
  9464 | D:9      | XOM: polymorph yak -> scorpion
  9467 | D:9      | XOM: summons friendly crimson imp
  9667 | D:10     | XOM: smoke on damage
  9677 | D:10     | XOM: god gift: staff of death
  9785 | D:10     | XOM: summons 3 hostile shadow creatures
 10116 | D:10     | Noticed Snorg
 10125 | D:10     | Killed Snorg
 10126 | D:10     | Reached skill level 5 in Alchemy
 10345 | D:10     | Reached skill level 5 in Polearms
 10410 | D:10     | Noticed Sonja
 10422 | D:10     | Killed Sonja
 10573 | D:10     | Found a snail-covered altar of Cheibriados.
 10641 | D:11     | XOM: confuse monster(s)
 10782 | D:11     | Learned a level 4 spell: Ignite Poison
 11276 | D:11     | XOM: 3-stop teleportation journey
 11985 | D:11     | XOM: confusion (+ monsters)
 11996 | D:11     | XOM: summons 7 hostile demons
 12295 | D:12     | Noticed Jorgrun
 12296 | D:12     | Noticed a boulder beetle
 12296 | D:12     | XOM: 7-stop teleportation journey
 12297 | D:12     | You fall into a shaft and drop 3 floors!
 12297 | D:15     | Entered Level 15 of the Dungeon
 12299 | D:15     | Noticed a five-headed hydra
 12299 | D:15     | XOM: god gift: battleaxe {god gift}
 12301 | D:15     | XOM: destruction
 12304 | D:15     | XOM: scenery: summon butterflies
 12308 | D:15     | Killed a five-headed hydra
 12337 | D:15     | XOM: confuse monster(s)
 12347 | D:15     | XOM: cleaving
 12351 | D:15     | XOM: cast spell 'Summon Small Mammal'
 12360 | D:15     | Lost mutation: You are agile. (Dex +4, Str/Int -1) [potion
                  | of mutation]
 12360 | D:15     | Gained mutation: You have supernaturally acute eyesight.
                  | (SInv) [potion of mutation]
 12360 | D:15     | Gained mutation: Your health recovers twice as slowly from
                  | being drained. [potion of mutation]
 12360 | D:15     | Gained mutation: Your movements are slightly less
                  | encumbered by armour. (ER -2) [potion of mutation]
 12365 | D:15     | HP: 3/94 [skeletal warrior/+0 scimitar (10)]
 12366 | D:15     | Annihilated by a skeletal warrior

Illustrated notes

Levels and vault maps discovered:
D:1:      spicycebolla_arrival_risky_transporter, layout_rooms, serial_shops,
          nicolae_shop_bloodbath_and_beyond,
          hellmonk_ecumenical_altar_the_god_not_taken
D:2:      layout_loops_ring, minmay_tetromino_t2, uniq_jessica, uniq_sigmund
D:3:      layout_loops_corners, makhleb_altar_promises_db
D:4:      layout_basic, serial_rivers, chequers_serial_rivers_marsh,
          chequers_serial_rivers_micro_a, chequers_serial_rivers_micro_d,
          chequers_serial_rivers_micro_d, chequers_serial_rivers_large_b,
          chequers_serial_rivers_small_b, serial_shops, shop
D:5:      layout_cave_pools, mainiacjoe_sewer_entry_somewhere_in_here_1
D:6:      layout_layer_cave, mainiacjoe_overflow_alcove_2,
          minmay_temple_entry_mist, chequers_serial_rivers_small_3,
          uniq_jeremiah
D:7:      layout_loops_corners, mainiacjoe_overflow_24_doors
D:8:      layout_basic, lemuel_crystal_altar, mainiacjoe_overflow_catwalk,
          serial_shops, nicolae_shop_crystal
D:9:      layout_rooms, pdpol_temple_overflow_zin_treasury_gozag_greed,
          overflow_temple_1_default, david_lair_generic, david_orc_4
D:10:     layout_rooms, chei_slow_surprise, nicolae_underground_beach,
          uniq_sonja, uniq_snorg
D:11:     layout_loops_corners
D:12:     layout_rooms, portal_ice_cave_rime, uniq_jorgrun
D:15:     hangedman_depths_entry_try_elsewhere_first, layout_cave_pools,
          hangedman_decor_push, gauntlet_entry_generic, ebering_ghost_xom,
          st_stairs_11, uniq_josephine, uniq_kirke, uniq_agnes
Temple:   oiseaux_autumnal_temple

Skill      XL: |  1  2  3  4  5  6  7  8  9 10 11 12 |
---------------+-------------------------------------+-----
Dodging        | 1 2 3 4 5 6 7 |  7.4
Armour         | 2 3 4 5 6 7 |  7.7
Polearms       | 1 2 3 4 5 |  5.1
Stealth        | 1 2 3 4 5 |  5.3
Spellcasting   | 1 2 3 4 |  4.5
Fighting       | 4 5 6 8 |  8.8
Axes           | 4 5 6 7 8 |  8.7
Alchemy        | 1 3 4 5 |  5.3
Necromancy     | 2 3 |  3.8
Translocations | 2 3 |  3.7
Evocations     | 3 4 |  4.3

Action                     |  1- 3 |  4- 6 |  7- 9 | 10-12 || total
---------------------------+-------+-------+-------+-------++-------
  Melee: Hand axe          |    78 |    83 |   257 |   321 ||   739
         Dagger            |    68 |    53 |       |       ||   121
         Spear             |       |    37 |   225 |       ||   262
         Trident           |       |       |    89 |   406 ||   495
  Evoke: Wand              |       |       |     7 |    24 ||    31
         Phantom mirror    |       |       |       |     1 ||     1
    Use: Potion            |       |     4 |     3 |    12 ||    19
         Scroll            |       |     3 |    14 |     8 ||    25
   Stab: Paralysed         |     1 |       |       |       ||     1
         Invisible         |     1 |       |       |     4 ||     5
         Sleeping          |       |     2 |     6 |     8 ||    16
         Confused          |       |       |     2 |    11 ||    13
         Petrifying        |       |       |     1 |     4 ||     5
         Distracted        |       |       |       |     2 ||     2
         Petrified         |       |       |       |    10 ||    10
 Armour: Leather armour    |    43 |    59 |       |       ||   102
         Acid dragon scale |       |       |   213 |   319 ||   532
         Skin              |       |       |       |    20 ||    20
  Dodge: Dodged            |    43 |    70 |   200 |   405 ||   718

Table legend: (Time is in decaauts)
 A = Elapsed time spent in this place.
 B = Non-inter-level travel time spent in this place.
 C = Inter-level travel time spent in this place.
 D = Time resting spent in this place.
 E = Time spent auto-exploring this place.
 F = Levels seen in this place.
 G = Mean time per level.
                   A        B        C        D        E       F      G
               +--------+--------+--------+--------+--------+-----+--------+
         Total |  12513 |  11795 |    718 |   1183 |   8318 |  15 |  834.2 |
       Dungeon |  12055 |  11338 |    717 |   1183 |   8153 |  13 |  927.3 |
        Temple |      1 |      1 |      0 |      0 |      0 |   1 |    1.0 |
         Sewer |    456 |    456 |      0 |      0 |    165 |   1 |  456.0 |
               +--------+--------+--------+--------+--------+-----+--------+

Top non-repeatable levels by time:
     D:9: 1711 daAuts
    D:11: 1639 daAuts
     D:8: 1313 daAuts
     D:6: 1286 daAuts
     D:7: 1046 daAuts
    D:10: 1020 daAuts
     D:3: 996 daAuts
     D:2: 786 daAuts
     D:5: 775 daAuts
     D:4: 743 daAuts
     D:1: 648 daAuts
   Sewer: 456 daAuts
    D:15: 67 daAuts
    D:12: 20 daAuts
  Temple: 1 daAuts
